 Dungeon Crawl Stone Soup version 0.20-a0-1006-ge6c5631 (webtiles) character file.

140 Ordine the Chopper (level 5, -9/32 HPs)
             Began as a Tengu Fighter on Apr 13, 2017.
             Was an Initiate of Gozag.
             Mangled by an iguana (11 damage)
             ... on level 3 of the Dungeon.
             The game lasted 00:07:22 (1745 turns).

Ordine the Chopper (Tengu Fighter)                  Turns: 1745, Time: 00:07:22

Health: -9/32      AC:  8    Str: 17    XL:     5   Next: 23%
Magic:  6/6        EV: 13    Int:  8    God:    Gozag
Gold:   137        SH:  5    Dex: 14    Spells: 4/4 levels left

rFire    . . .     SeeInvis .   a - +1 war axe
rCold    . . .     Gourm    .   l - +0 buckler
rNeg     . . .     Faith    .   b - +0 scale mail
rPois    .         Spirit   .   (helmet restricted)
rElec    .         Reflect  .   j - +0 cloak
rCorr    .         Harm     .   (no gloves)
MR       .....                  (boots unavailable)
Stlth    ..........             (no amulet)
Regen    0.1/turn               g - ring of wizardry
MPRegen  0.1/turn               p - +2 ring of evasion

@: gold aura, slowed, very slow
A: beak, talons 3, repulsion field 1, MP-powered wands, able to fly 1
a: Fly, Potion Petition, Call Merchant, Bribe Branch, Renounce Religion


You were on level 3 of the Dungeon.
You worshipped Gozag.
Gozag was aware of your devotion.
You were hungry.

You visited 1 branch of the dungeon, and saw 3 of its levels.

You collected 202 gold pieces.
You paid 65 gold pieces to Gozag.

Inventory:

Hand Weapons
 a - a +1 war axe (weapon)
Armour
 b - a +0 scale mail (worn)
 c - a +0 shield
 j - a +0 cloak (worn)
 l - a +0 buckler (worn)
Jewellery
 g - a ring of wizardry (left hand)
 p - a +2 ring of evasion (right hand)
Scrolls
 k - 2 scrolls of recharging
 m - a scroll of teleportation
 n - 3 scrolls of remove curse
Potions
 e - 3 potions of flight
Comestibles
 d - 4 meat rations
 f - 4 bread rations
 h - a fruit
 i - a royal jelly


   Skills:
 - Level 3.0 Fighting
 + Level 5.7 Axes
 - Level 3.2 Armour
 - Level 3.0 Shields


You had 4 spell levels left.
You didn't know any spells.

Dungeon Overview and Level Annotations

Branches:
Dungeon (3/15)

Altars:
Gozag
Nemelex Xobeh
The Shining One


Innate Abilities, Weirdness & Mutations

You have a beak for a mouth.
You have claws for feet.
You can fly.
You are surrounded by a mild repulsion field. (EV +2)
You expend magic power (3 MP) to strengthen your wands.


Message History

You hit the iguana. You claw the iguana.
The iguana is almost dead.
The iguana bites you but does no damage.
The iguana bites you.
* * * LOW HITPOINT WARNING * * *
Okay, then.
It was a potion of mutation.
You feel extremely strange.
You feel your magical essence link to your wands.
You begin to radiate repulsive energy.
The iguana misses you.
Your scale mail prevents you from hitting the iguana.
You claw the iguana, but do no damage.
The iguana is almost dead.
The iguana barely misses you. You block the iguana's attack.
You hit the iguana. You claw the iguana, but do no damage.
Your peck misses the iguana.
The iguana is almost dead.
The iguana bites you!
You die...
Your body crumbles into a pile of gold.

....... $ ##.......
.$ # ##........ .#
###......... .#
..#......... ..#
............ ...#
...####.#..###.##.#
#.........#... #$l#
.....##.##..# #@#
......#.##.# ###.#
...........###...#
.....##.#....#.###
.....#..#.##.#[##
.......##.##....#
......###.###...#
........#.# #...#
..........# #####


You could see an iguana.

Vanquished Creatures
  Crazy Yiuf (D:3)
  Jessica (D:2)
  Natasha (D:3)
  A gnoll (D:1)
  A worm (D:2)
  2 dart slugs
  2 leopard geckos
  An orc (D:3)
  A giant cockroach (D:1)
  7 goblins
  3 hobgoblins
  9 kobolds
  2 quokkas
  3 bats
  6 frilled lizards
  6 rats
47 creatures vanquished.

Notes
Turn   | Place    | Note
-------+----------+-------------------------------------------
     0 | D:1      | Ordine the Tengu Fighter began the quest for the Orb.
     0 | D:1      | Reached XP level 1. HP: 14/14 MP: 2/2
    75 | D:1      | Reached skill level 3 in Axes
    75 | D:1      | Reached XP level 2. HP: 7/19 MP: 3/3
   397 | D:1      | Reached XP level 3. HP: 21/23 MP: 4/4
   619 | D:2      | Found a faded altar of an unknown god.
   657 | D:2      | Reached skill level 4 in Axes
   866 | D:2      | Noticed Jessica
   873 | D:2      | Killed Jessica
   873 | D:2      | Reached XP level 4. HP: 24/28 MP: 5/5
   878 | D:2      | Found a glowing golden altar of the Shining One.
  1335 | D:2      | Reached skill level 5 in Axes
  1514 | D:3      | Found an opulent altar of Gozag.
  1515 | D:3      | Found a sparkling altar of Nemelex Xobeh.
  1520 | D:3      | Became a worshipper of Gozag Ym Sagoz the Greedy
  1594 | D:3      | Found a runed door.
  1598 | D:3      | Noticed Crazy Yiuf
  1608 | D:3      | Killed Crazy Yiuf
  1608 | D:3      | Gained mutation: You can fly. [Tengu growth]
  1608 | D:3      | Reached XP level 5. HP: 32/32 MP: 3/6
  1729 | D:3      | Noticed Natasha
  1737 | D:3      | Killed Natasha
  1742 | D:3      | HP: 1/32 [iguana (6)]
  1743 | D:3      | Gained mutation: You expend magic power (3 MP) to strengthen your wands. [potion of mutation]
  1743 | D:3      | Gained mutation: You are surrounded by a mild repulsion field. (EV +2) [potion of mutation]
  1745 | D:3      | Mangled by an iguana

Vault maps used:
D:1:      dpeg_arrival_rooms_a
D:2:      old_standard_altar, chequers_ecumenical_altar_island, uniq_jessica
D:3:      grunt_temple_overflow_opulence, kennysheep_orc_chapel, uniq_natasha,
          uniq_crazy_yiuf_cottage

Skill      XL: |  1  2  3  4 |
---------------+-------------+-----
Axes           | 3 4 5 |  5.7
Fighting       | |  3.0
Armour         | |  3.2
Shields        | |  3.0

Action                   |  1- 3 |  4- 6 || total
-------------------------+-------+-------++-------
Melee: War axe           |    45 |    50 ||    95
       Peck              |     8 |    10 ||    18
       Kick              |     7 |    16 ||    23
       Unarmed           |       |     2 ||     2
Invok: Potion Petition   |       |     1 ||     1
  Use: Potion            |     1 |     1 ||     2
       Scroll            |     5 |     4 ||     9
  Eat: Chunk             |       |     2 ||     2
Armor: Scale mail        |    17 |    17 ||    34
Dodge: Dodged            |    11 |    22 ||    33
Block: Shield            |    20 |       ||    20
       Buckler           |       |    15 ||    15
